 Dungeon Crawl Stone Soup version 0.28-a0-1616-g050a50673c (webtiles) character file.

Game seed: 9060967115437330277

38 innerfire433 the Magician (level 3, 0/28 HPs)
             Began as a Djinni Arcane Marksman on Jan 22, 2022.
             Slain by a gnoll (7 damage)
             ... on level 2 of the Dungeon.
             The game lasted 00:03:46 (1645 turns).

innerfire433 the Magician (Djinni Arcane Marksman)  Turns: 1645, Time: 00:03:46

Health: 0/28       AC:  2    Str: 15    XL:     3   Next: 65%
Gold:   48         EV: 12    Int: 14    God:
                   SH:  0    Dex: 13

rFire   + + .      SeeInvis .   j - +8 lajatang "Eloamoafu" {drain, Str+4}
rCold   x . .      Faith    .   (shield currently unavailable)
rNeg    . . .      Spirit   .   d - +0 robe
rPois   ∞          Reflect  .   (no helmet)
rElec   .          Harm     .   b - scarf {repulsion}
rCorr   .          Rampage  .   (no gloves)
Will    .....                   (boots unavailable)
Stlth   +.........              (no amulet)
HPRegen 0.09/turn               (no ring)
MPRegen 0.00/turn               (no ring)

@: flying, hasted, repel missiles, very quick
A: sickness immunity, fire resistance 2, cold vulnerability 1, float, innate
caster, hp casting, extra vitality 1
a: no special abilities


You were on level 2 of the Dungeon.
You visited 1 branch of the dungeon, and saw 2 of its levels.

You collected 48 gold pieces.

Inventory:

Hand Weapons
 a - a +0 hand crossbow
 j - the +8 lajatang "Eloamoafu" (weapon) {drain, Str+4}
   (You found it on level 2 of the Dungeon)

   A truly terrible weapon, it drains the life of any living foe it strikes.
   Str:       It affects your strength (+4).
Missiles
 c - 34 bolts
Armour
 b - a scarf of repulsion (worn)
 d - a +0 robe (worn)
Scrolls
 e - 2 scrolls of noise {unknown}
 f - a scroll of silence {unknown}
 h - a scroll of vulnerability {unknown}
 i - a scroll of magic mapping {unknown}
 k - a scroll of teleportation {unknown}
 l - a scroll of enchant weapon {unknown}


   Skills:
 + Level 1.6 Fighting
 * Level 0.5 Staves
 - Level 2.0 Crossbows
 - Level 2.1 Dodging
 * Level 2.9 Spellcasting


You couldn't memorise any spells.
You knew the following spells:

 Your Spells              Type           Power      Damage    Failure   Level
a - Slow                  Hex            40%        N/A       6%          1
b - Inner Flame           Hex/Fire       10%        N/A       19%         3
c - Portal Projectile     Hex/Tloc       20%        N/A       19%         3
d - Cause Fear            Hex            5%         N/A       54%         4
e - Foxfire               Conj/Fire      40%        2x1d6     6%          1
Your spell library was empty.

Dungeon Overview and Level Annotations

Branches:
Dungeon (2/15)

Altars:


Innate Abilities, Weirdness & Mutations

You are immune to sickness and miasma.
You are immune to poison.
Your flesh is very heat resistant. (rF++)
You are vulnerable to cold. (rC-)
You float through the air rather than walking.
You learn spells naturally, not from books.
Your magical power is your life essence.
You have superior vitality. (+4 MHP)


Message History

You kill the dart slug!
Your foxfire dissipates!
You now have 48 gold pieces (gained 10).
A gnoll comes into view. It is wielding a +0 spear.
A gnoll is nearby!
No target in view!
No target in view!
A gnoll comes into view. It is wielding a +0 spear.
The gnoll misses you.
The gnoll shouts!
The gnoll closely misses you.
A gnoll comes into view. It is wielding a +4 halberd.
You barely miss the gnoll.
An adder comes into view.
The gnoll hits you with a +0 spear.
You barely miss the gnoll. The gnoll closely misses you.
The gnoll hits you with a +0 spear.
Casting: Foxfire (safe; 6% risk of failure)
Confirm with . or Enter, or press ? or * to list all spells.
You conjure some foxfire!
The adder hisses angrily.
The gnoll shouts!
The gnoll barely misses you. The gnoll hits you with a +0 spear.
Your foxfire dissipates!
The foxfire hits the gnoll.
The gnoll is lightly wounded.
The gnoll hits you from afar with a +0 spear.
Casting: Foxfire (safe; 6% risk of failure)
Confirm with . or Enter, or press ? or * to list all spells.
You conjure some foxfire!
The gnoll hits you from afar with a +0 spear.
* * * LOW HITPOINT WARNING * * *
The gnoll closely misses you.
The foxfire hits the gnoll.
The gnoll is moderately wounded.
The foxfire hits the adder.
The adder is moderately wounded.
The gnoll closely misses you.
You feel yourself speed up.
The gnoll hits you from afar with a +4 halberd!
You die...

##.## #####..######
########### #..######
#.........###### #........
#.######.......# #.##.....
#.# #.......# #.##.####
#.# ####.......# #.## #
#.# #..........# #.# .#
#.###.##...)...###.##.#
#......g.@.....†......###
#.....g........#..........
#.###S###.#######...######
#.# #..##.# ##.## # #.#
#...#<# #.# # #.# ##.##.#
#.# # #.#..Sgg..# ##'## #
#.........# ##...## #
###.##.#.## ##....>## #


You could see 2 gnolls and an adder.

Vanquished Creatures
  A worm (D:2)
  2 dart slugs
  3 bats
  2 endoplasms (D:1)
  3 goblins
  3 hobgoblins (D:1)
  4 jackals (D:1)
  3 quokkas
  A ball python (D:2)
  A frilled lizard (D:1)
  4 rats
27 creatures vanquished.

Vanquished Creatures (others)
  10 foxfires (D:2)
10 creatures vanquished.

Grand Total: 37 creatures vanquished

Notes
Turn   | Place    | Note
-------+----------+-------------------------------------------
     0 | D:1      | innerfire433 the Djinni Arcane Marksman began the quest for
                  | the Orb.
     0 | D:1      | Reached XP level 1. HP: 17/17 MP: 0/0
   103 | D:1      | Reached XP level 2. HP: 7/22 MP: 0/0
   946 | D:1      | Reached XP level 3. HP: 27/27 MP: 0/0
   946 | D:1      | Learned a level 1 spell: Foxfire
  1090 | D:2      | Identified the +8 lajatang "Eloamoafu" {drain, Str+4}
  1645 | D:2      | Slain by a gnoll

Illustrated notes

Levels and vault maps discovered:
D:1:      minmay_arrival_plants_in_alcoves, layout_basic, minmay_quantized
D:2:      layout_loops_corners, nicolae_ecumenical_oubliette

Skill      XL: |  1  2  3 |
---------------+----------+-----
Crossbows      | 2 |  2.0
Fighting       | |  1.6
Staves         | |  0.5
Dodging        | |  2.1
Spellcasting   | |  2.9

Action                   || total
-------------------------++-------
Melee: Lajatang          ||    22
 Fire: Hand crossbow     ||    38
 Cast: Foxfire           ||     6
  Use: Potion            ||     3
Armor: Robe              ||    13
Dodge: Dodged            ||    41
       Repelled          ||     1

Table legend: (Time is in decaauts)
 A = Elapsed time spent in this place.
 B = Non-inter-level travel time spent in this place.
 C = Inter-level travel time spent in this place.
 D = Time resting spent in this place.
 E = Time spent auto-exploring this place.
 F = Levels seen in this place.
 G = Mean time per level.
                   A        B        C        D        E       F      G
               +--------+--------+--------+--------+--------+-----+--------+
         Total |   1649 |   1558 |     91 |      0 |   1367 |   2 |  824.5 |
       Dungeon |   1649 |   1558 |     91 |      0 |   1367 |   2 |  824.5 |
               +--------+--------+--------+--------+--------+-----+--------+

Top non-repeatable levels by time:
     D:1: 1081 daAuts
     D:2: 568 daAuts
